 Dungeon Crawl Stone Soup version 0.27-a0-40-g5f2be0e231 (webtiles) character file.

Game seed: 14617117427977907572

58 jestyr24 the Skirmisher (level 3, -2/30 HPs)
             Began as a Demonspawn Abyssal Knight on Jan 6, 2021.
             Was a Follower of Lugonu.
             Slain by a worm (8 damage)
             ... on level 2 of the Dungeon.
             The game lasted 00:07:01 (1221 turns).

jestyr24 the Skirmisher (Demonspawn Abyssal Knight) Turns: 1221, Time: 00:07:01

Health: -2/30      AC:  5    Str: 13    XL:     3   Next: 76%
Magic:  5/5        EV: 10    Int: 13    God:    Lugonu [*.....]
Gold:   61         SH:  3    Dex: 12    Spells: 2/2 levels left

rFire    . . .     SeeInvis .   a - +1 falchion
rCold    . . .     Faith    .   d - +0 buckler
rNeg     . . .     Spirit   .   b - +0 leather armour
rPois    .         Reflect  .   (no helmet)
rElec    .         Harm     .   h - +0 cloak
rCorr    .         Rampage  .   (no gloves)
Will     .....                  (no boots)
Stlth    +.........             (no amulet)
HPRegen  0.10/turn              (no ring)
MPRegen  0.09/turn              (no ring)

@: no status effects
A: talons 1, sharp scales 1
a: Renounce Religion, Depart the Abyss


You were on level 2 of the Dungeon.
You worshipped Lugonu.
Lugonu was aware of your devotion.
You visited 1 branch of the dungeon, and saw 2 of its levels.
You visited the Abyss 1 time.

You collected 61 gold pieces.

Inventory:

Hand Weapons
 a - a +1 falchion (weapon)
Armour
 b - a +0 leather armour (worn)
 d - a +0 buckler (worn)
 h - a +0 cloak (worn)
Scrolls
 f - a scroll of enchant armour {unknown}
 g - 2 scrolls of identify {unknown}
 i - a scroll of immolation {unknown}
Potions
 c - a potion of flight {unknown}
 e - a potion of resistance {unknown}


   Skills:
 + Level 3.6 Fighting
 + Level 2.5 Long Blades
 + Level 2.3 Armour
 + Level 1.0 Dodging
 + Level 0.1 Stealth
 + Level 2.8 Invocations


You had 2 spell levels left.
You didn't know any spells.
Your spell library was empty.

Dungeon Overview and Level Annotations

Branches:
Dungeon (2/15)

Altars:


Innate Abilities, Weirdness & Mutations

You have sharp toenails.
You are partially covered in razor-sharp scales. (AC +1, Slay +1)


Message History

The worm is moderately wounded.
You hit the worm.
The worm is heavily wounded.
A kobold comes into view. It is wielding a +0 club.
The worm bites you.
The kobold moves out of view.
You slash the worm! Your kick misses the worm.
The worm is almost dead.
The worm bites you.
* * * LOW HITPOINT WARNING * * *
You completely miss the worm. You claw the worm.
You kill the worm!
Lugonu accepts your kill.
Your Dodging skill increases to level 1!
You slash the goblin!
You kill the goblin!
Lugonu accepts your kill.
You slash the worm! Your kick misses the worm.
The worm is moderately wounded.
The worm bites you!
You die...

#.......# .. #.#.#.#.#
##.## #.....#.# #...#
..#.#...# #...#
#.......## #...#
#........# #...# #####
#......K.# #...#####....
##.#.###w# #............
.....#@####....####..##
#..................#.
............(...........
........................
.#.#..######)...####....
...... #....)........##.
##.#.# #.###...########.
#.#(# #.###...# ## # .
#...# #.##....#### #


You could see a worm and a kobold.

Vanquished Creatures
  3 adders (D:2)
  2 worms (D:2)
  2 ball pythons
  A bat (D:1)
  A giant cockroach (D:2)
  4 goblins
  3 hobgoblins
  2 jackals (D:1)
  4 kobolds
  A quokka (D:2)
  A frilled lizard (D:1)
  A rat (D:2)
25 creatures vanquished.

Notes
Turn   | Place    | Note
-------+----------+-------------------------------------------
     0 | Abyss:1  | jestyr24 the Demonspawn Abyssal Knight began the quest for
                  | the Orb.
     0 | Abyss:1  | Reached XP level 1. HP: 18/18 MP: 2/2
    83 | Abyss:1  | Noticed a thrashing horror
    88 | D:1      | Escaped the Abyss
   398 | D:1      | Reached * piety under Lugonu
   514 | D:1      | Gained mutation: You have sharp toenails. [demonic
                  | ancestry]
   514 | D:1      | Reached XP level 2. HP: 24/24 MP: 4/4
   912 | D:2      | Gained mutation: You are partially covered in razor-sharp
                  | scales. (AC +1, Slay +1) [demonic ancestry]
   912 | D:2      | Reached XP level 3. HP: 13/29 MP: 5/5
  1220 | D:2      | Reached skill level 1 in Dodging
  1221 | D:2      | Slain by a worm

Illustrated notes

Levels and vault maps discovered:
D:1:      denvon_arrival_planthouse, layout_basic
D:2:      layout_loops_cross, glass_columns_a

Skill      XL: |  1  2  3 |
---------------+----------+-----
Armour         | 2 |  2.3
Long Blades    | 2 |  2.5
Dodging        | 1 |  1.0
Fighting       | |  3.6
Stealth        | |  0.1
Invocations    | |  2.8

Action                   || total
-------------------------++-------
Melee: Falchion          ||    60
       Kick              ||    11
Invok: Depart the Abyss  ||     1
Armor: Leather armour    ||    20
Dodge: Dodged            ||    32
Block: Buckler           ||     7
       Rpst.: Falchion   ||    13

Table legend: (Time is in decaauts)
 A = Elapsed time spent in this place.
 B = Non-inter-level travel time spent in this place.
 C = Inter-level travel time spent in this place.
 D = Time resting spent in this place.
 E = Time spent auto-exploring this place.
 F = Levels seen in this place.
 G = Mean time per level.
                   A        B        C        D        E       F      G
               +--------+--------+--------+--------+--------+-----+--------+
         Total |   1234 |   1214 |     20 |    332 |    537 |   3 |  411.3 |
       Dungeon |   1146 |   1126 |     20 |    332 |    460 |   2 |  573.0 |
         Abyss |     88 |     88 |      0 |      0 |     77 |   1 |   88.0 |
               +--------+--------+--------+--------+--------+-----+--------+

Top non-repeatable levels by time:
     D:1: 683 daAuts
     D:2: 462 daAuts
 Abyss:1: 88 daAuts
